 Dungeon Crawl Stone Soup version 0.17-a0-1093-g0b3cd89 (webtiles) character file.

29924 wotan the Brawler (level 13, -13/108 HPs)
             Began as a Ghoul Monk on May 19, 2015.
             Was a High Priest of Kikubaaqudgha.
             Mangled by a black mamba (14 damage)
             ... on level 7 of the Lair of Beasts on May 20, 2015.
             The game lasted 02:19:23 (18120 turns).

wotan the Brawler (Ghoul Monk)                     Turns: 18120, Time: 02:19:23

Health: -13/108    AC: 14    Str: 16    XL:     13   Next: 48%
Magic:  9/12       EV: 10    Int:  8    God:    Kikubaaqudgha [*****.]
Gold:   1026       SH:  6    Dex: 15    Spells: 2 memorised, 8 levels left

rFire  . . .     SeeInvis .       - Unarmed
rCold  + . .     Clarity  +     U - +0 scale mail
rNeg   + + +     SustAb   .     V - +0 buckler
rPois  ∞         Gourm    .     G - +2 helmet
rElec  .         Spirit   .     S - +0 cloak
rCorr  .         Warding  .     (no gloves)
rMut   .         Stasis   .     Q - +1 pair of boots {Fly}
MR     .....                    q - amulet of clarity
Stlth  +.........               h - +4 ring of slaying
                                o - +3 ring of intelligence

@: flying, very slightly contaminated, rotting, invisible, not resistant to
hostile enchantments, very unstealthy
A: rotting body, claws 1, carnivore 3, cold resistance 1, negative energy
resistance 3, slow healing 1, torment resistance, unbreathing
a: Receive Corpses, Torment, Renounce Religion, Stop Flying


You were on level 7 of the Lair of Beasts.
You worshipped Kikubaaqudgha.
Kikubaaqudgha was extremely pleased with you.
You were not hungry.

You visited 3 branches of the dungeon, and saw 17 of its levels.
You also visited: Ossuary.

You collected 1026 gold pieces.

Inventory:

Missiles
 r - 2 tomahawks (quivered)
Armour
 G - a +2 helmet (worn)
 Q - a +1 pair of boots of flying (worn)
 S - a +0 cloak (worn)
 U - a +0 scale mail (worn)
 V - a +0 buckler (worn)
Jewellery
 h - a +4 ring of slaying (right claw)
 o - a +3 ring of intelligence (left claw)
 q - an amulet of clarity (around neck)
 u - an uncursed ring of positive energy
 w - a +3 ring of evasion
 D - a +4 ring of evasion
 E - an uncursed ring of invisibility
 H - an uncursed ring of stealth
 L - an uncursed ring of protection from magic
 O - an uncursed ring of teleport control
Magical devices
 g - a wand of frost (48)
 l - a wand of random effects (21)
 n - a wand of flame (11)
 z - a wand of disintegration (13)
 A - a wand of frost (14)
 F - a wand of disintegration (3)
 J - a wand of confusion (30)
 K - a wand of cold (4)
 P - a wand of random effects (22)
 W - a wand of draining (6)
 X - a wand of disintegration (11)
 Y - a wand of enslavement (11)
Scrolls
 c - 3 scrolls of teleportation
 e - 2 scrolls of fog
 y - a scroll of enchant armour
 B - 3 scrolls of remove curse
 I - a scroll of recharging
 N - 2 scrolls of magic mapping
 T - a scroll of amnesia
 Z - a scroll of identify
Potions
 a - 5 potions of brilliance
 f - a potion of cancellation
 j - 2 potions of might
 p - 3 potions of agility
 t - 3 potions of invisibility
 M - 2 potions of haste
 R - a potion of magic {unknown}
Books
 d - Kikubaaqudgha's Compendium of Sinister Arts
   (Kikubaaqudgha gifted it to you on level 3 of the Dungeon)

   Spells                             Type                      Level
   a - Animate Skeleton               Necromancy                   1
   b - Pain                           Necromancy                   1
   c - Corpse Rot                     Necromancy                   2
   d - Vampiric Draining              Necromancy                   3
   e - Control Undead                 Necromancy                   4
 i - Kikubaaqudgha's Papyrus of Evil Rituals
   (Kikubaaqudgha gifted it to you on level 5 of the Dungeon)

   Spells                             Type                      Level
   a - Animate Dead                   Necromancy                   4
   b - Excruciating Wounds            Charms/Necromancy            5
   c - Bolt of Draining               Conjuration/Necromancy       5
   d - Cigotuvi's Embrace             Necromancy                   5
   e - Dispel Undead                  Necromancy                   5
 s - a book of Changes

   Spells                             Type                      Level
   a - Beastly Appendage              Transmutation                1
   b - Sticks to Snakes               Transmutation                2
   c - Spider Form                    Transmutation/Poison         3
   d - Ice Form                       Ice/Transmutation            4
   e - Blade Hands                    Transmutation                5
 v - a book of Party Tricks

   Spells                             Type                      Level
   a - Summon Butterflies             Summoning                    1
   b - Apportation                    Translocation                1
   c - Tukima's Dance                 Hexes                        3
   d - Alistair's Intoxication        Transmutation/Poison         4
   e - Invisibility                   Hexes                        6
Comestibles
 b - 12 meat rations
 k - 2 slices of pizza
 m - 6 beef jerkies
 x - 11 chunks of flesh
 C - a royal jelly


   Skills:
 + Level 8.7 Fighting
 - Level 5.5 Armour
 - Level 2.6 Dodging
 - Level 2.1 Stealth
 + Level 9.3 Shields
 - Level 16.2 Unarmed Combat
 - Level 9.5 Necromancy


You had 8 spell levels left.
You knew the following spells:

 Your Spells              Type           Power        Failure   Level  Hunger
a - Animate Skeleton      Necr           N/A          2%          1    ##.....
b - Vampiric Draining     Necr           ###.......   10%         3    ####...


Dungeon Overview and Level Annotations

Branches:
Dungeon (9/15)             Temple (1/1) D:5            Lair (7/8) D:9
 Shoals (0/4) Lair:5        Snake (0/4) Lair:4
  Slime: Lair:6-8       Orc: D:9-12

Altars:
Ashenzari
Cheibriados
Dithmenos
Elyvilon
Fedhas
Gozag
Kikubaaqudgha
Makhleb
Nemelex Xobeh
Qazlal
Ru
Sif Muna
Trog
Vehumet
Xom
Yredelemnul
Zin
The Shining One

Shops:
D:4 *   D:5 }

Annotations:
D:7 exclusion: statue
D:9 Prince Ribbit
Lair:4 Maud


Innate Abilities, Weirdness & Mutations

Your body is rotting away.
You thrive on raw meat.
You are immune to poison.
You have sharp fingernails.
You are carnivorous and can eat meat at any time.
Your flesh is cold resistant.
You are immune to negative energy.
You heal slowly when monsters are visible.
You are immune to unholy pain and torment.
You can survive without breathing.


Message History

You scratch the black mamba but do no damage.
The black mamba is almost dead.
The black mamba bites you but does no damage.
You block the black mamba's attack.
You closely miss the black mamba.
The black mamba is almost dead.
The black mamba bites you!
* * * LOW HITPOINT WARNING * * *
The black mamba closely misses you.
Read which item? (? for menu, Esc to quit)
Okay, then.
Casting: Animate Skeleton
Confirm with . or Enter, or press ? or * to list all spells.
Aiming: Vampiric Draining
Press: ? - help, Shift-Dir - straight line, f - black mamba
Aim: a black mamba (almost dead, bleeding)
You miscast Vampiric Draining.
Strange energies run through your body. The black mamba bites you!
You die...
Kikubaaqudgha rasps: "You have failed me!
Welcome... oblivion!"

.## ##..P......#.##
#.#....#..#.#.#
#............##
##.............#
#............####
###..............#
.#..............###
................##
..........@......#
#........SS....#.#
.#..........#...##
#..#...%.....####
#.............#
..............P#
..............##
........PP....#
P...............


You could see 2 black mambas.

Vanquished Creatures
  3 hydras
  2 death yaks (Lair:5)
  2 griffons
  A siren (Lair:5)
  13 elephants
  2 black mambas
  7 spiny frogs
  7 komodo dragons
  3 fire drakes
  2 trolls
  2 merfolk (Lair:5)
  Grinder (D:5)
  17 blink frogs
  A wyvern (Lair:6)
  6 yaks
  2 basilisks
  3 hippogriffs
  A wolf (D:8)
  A soldier ant (D:6)
  6 water moccasins
  5 porcupines
  A black bear (Lair:1)
  2 sky beasts (D:9)
  2 orc warriors
  A necrophage (D:4)
  2 phantoms
  3 ice beasts
  2 centaurs (D:9)
  11 ogres
  3 big kobolds
  10 crocodiles
  12 giant frogs
  An elf zombie (Ossuary)
  A gnoll sergeant (D:4)
  A scorpion (D:7)
  3 wights (D:7)
  A troll zombie (Ossuary)
  6 hounds
  An electric eel (D:8)
  9 crimson imps
  An orc priest (D:8)
  A jelly (D:9)
  3 centaur zombies (Ossuary)
  A giant frog skeleton (D:8)
  A giant frog zombie (D:8)
  6 orc wizards
  12 iguanas
  6 worker ants
  An ogre zombie (Ossuary)
  10 sheep
  A big kobold zombie (Ossuary)
  7 mummies (Ossuary)
  28 river rats
  15 adders
  6 gnolls (D:4)
  A shadow imp (D:6)
  2 adder zombies (Ossuary)
  An adder skeleton (D:4)
  6 worms
  24 orcs
  16 bats
  A bat zombie (D:3)
  2 giant cockroaches
  9 hobgoblins
  2 ball pythons
  A giant cockroach zombie (D:5)
  3 giant geckos
  A giant gecko skeleton (D:4)
  3 giant newts
  A gnoll zombie (Ossuary)
  13 goblins
  3 goblin zombies (Ossuary)
  4 hobgoblin zombies (Ossuary)
  6 jackals
  36 kobolds
  4 kobold zombies (Ossuary)
  An orc zombie (Ossuary)
  A quokka skeleton (D:7)
  5 quokka zombies
  15 rats
  5 rat zombies
  A plant (D:2)
425 creatures vanquished.

Vanquished Creatures (collateral kills)
  4 death yaks (Lair:5)
  3 elephants
  A siren (Lair:5)
  A black mamba (Lair:5)
  2 spiny frogs
  4 blink frogs
  2 yaks (Lair:5)
  2 wolves (D:8)
  A water moccasin (Lair:5)
  An ice beast (D:8)
  2 crocodiles
  4 giant frogs
  An iguana (Lair:2)
  A sheep (Lair:2)
  A river rat (Lair:6)
  A quokka (D:9)
  A plant (Lair:5)
32 creatures vanquished.

Vanquished Creatures (others)
  A quokka (D:5)
  4 fungi
  2 plants (Lair:6)
7 creatures vanquished.

Grand Total: 464 creatures vanquished

Notes
Turn   | Place    | Note
--------------------------------------------------------------
     0 | D:1      | wotan the Ghoul Monk began the quest for the Orb.
     0 | D:1      | Reached XP level 1. HP: 19/19 MP: 0/0
   174 | D:1      | Reached XP level 2. HP: 16/26 MP: 1/1
   538 | D:1      | Reached skill level 5 in Unarmed Combat
   941 | D:2      | Reached XP level 3. HP: 28/31 MP: 2/2
  1219 | D:2      | Found a basalt altar of Yredelemnul.
  1221 | D:2      | Noticed a profane servitor
  1228 | D:2      | Found a glowing golden altar of the Shining One.
  1230 | D:2      | Noticed an angel
  1256 | D:2      | Reached XP level 4. HP: 36/38 MP: 3/3
  1317 | D:2      | Reached skill level 6 in Unarmed Combat
  1722 | D:3      | Reached XP level 5. HP: 45/45 MP: 4/4
  1795 | D:3      | Noticed a giant frog
  1806 | D:3      | Killed a giant frog
  1806 | D:3      | Reached skill level 7 in Unarmed Combat
  1848 | D:3      | Found a stormy altar of Qazlal.
  1935 | D:3      | Found an ancient bone altar of Kikubaaqudgha.
  2162 | D:3      | Became a worshipper of Kikubaaqudgha
  2162 | D:3      | Acquired Kikubaaqudgha's first power
  2162 | D:3      | Received a gift from Kikubaaqudgha
  2162 | D:3      | Acquired Kikubaaqudgha's second power
  2165 | D:3      | Identified Kikubaaqudgha's Compendium of Sinister Arts (Kikubaaqudgha gifted it to you on level 3 of the Dungeon)
  2423 | D:4      | Reached XP level 6. HP: 45/48 MP: 5/5
  2468 | D:4      | Found an opulent altar of Gozag.
  2474 | D:4      | Found Gozag's Platinum Reserve.
  2510 | D:4      | Found a shimmering altar of Xom.
  2510 | D:4      | Noticed an ogre
  2784 | D:4      | Reached skill level 8 in Unarmed Combat
  2974 | D:4      | Learned a level 1 spell: Animate Skeleton
  3155 | D:4      | Killed an ogre
  3344 | D:4      | Noticed a necrophage
  3360 | D:4      | Killed a necrophage
  3360 | D:4      | Reached skill level 9 in Unarmed Combat
  3360 | D:4      | Reached XP level 7. HP: 42/56 MP: 6/6
  3882 | D:4      | Reached skill level 10 in Unarmed Combat
  4280 | D:4      | Reached skill level 1 in Necromancy
  4280 | D:4      | Reached XP level 8. HP: 62/62 MP: 7/7
  4353 | D:5      | Entered Level 5 of the Dungeon
  4467 | D:5      | Found a glowing silver altar of Zin.
  4504 | D:5      | Received a gift from Kikubaaqudgha
  4508 | D:5      | Identified Kikubaaqudgha's Papyrus of Evil Rituals (Kikubaaqudgha gifted it to you on level 5 of the Dungeon)
  4569 | D:5      | Noticed Grinder
  4575 | D:5      | Paralysed by Grinder for 3 turns
  4582 | D:5      | Killed Grinder
  4643 | D:5      | Found a staircase to the Ecumenical Temple.
  4646 | D:5      | Reached skill level 5 in Necromancy
  4661 | Temple   | Entered the Ecumenical Temple
  4760 | D:5      | Found a white marble altar of Elyvilon.
  4772 | D:5      | Found Zuujivoa's Gadget Emporium.
  5299 | D:6      | Reached XP level 9. HP: 57/70 MP: 8/8
  5611 | D:6      | Found a shattered altar of Ashenzari.
  5900 | D:7      | Acquired Kikubaaqudgha's third power
  6142 | D:7      | Found a radiant altar of Vehumet.
  6902 | D:7      | Noticed a hill giant
  7081 | D:8      | Reached skill level 1 in Armour
  7185 | D:8      | Reached XP level 10. HP: 22/77 MP: 2/9
  7224 | D:8      | Reached skill level 5 in Armour
  7446 | D:8      | Found a sand-covered staircase.
  7457 | Ossuary  | Entered an ossuary
  8656 | D:8      | Found a staircase to the Lair.
  8661 | D:8      | Identified a scroll of acquirement
  9120 | D:9      | Reached skill level 11 in Unarmed Combat
  9347 | D:9      | Noticed a red ugly thing
  9392 | D:9      | Found a deep blue altar of Sif Muna.
  9707 | D:9      | Noticed Prince Ribbit
  9795 | D:9      | Found a staircase to the Lair.
  9810 | D:9      | Reached skill level 12 in Unarmed Combat
 10137 | Lair:1   | Entered Level 1 of the Lair of Beasts
 10671 | Lair:1   | Reached skill level 13 in Unarmed Combat
 10671 | Lair:1   | Reached XP level 11. HP: 64/82 MP: 10/10
 10705 | Lair:1   | Reached skill level 1 in Shields
 11315 | Lair:1   | Upgraded the game from 0.17-a0-1078-g243345b to 0.17-a0-1093-g0b3cd89
 11620 | Lair:2   | Noticed a four-headed hydra
 11730 | Lair:2   | Acquired Kikubaaqudgha's fourth power
 11943 | Lair:2   | Learned a level 3 spell: Vampiric Draining
 12052 | Lair:2   | Reached skill level 14 in Unarmed Combat
 12650 | Lair:2   | Killed a four-headed hydra
 13711 | Lair:3   | Noticed an eight-headed hydra
 13817 | Lair:4   | Noticed a death yak
 13971 | Lair:3   | Killed an eight-headed hydra
 13971 | Lair:3   | Reached skill level 15 in Unarmed Combat
 13971 | Lair:3   | Reached XP level 12. HP: 61/89 MP: 2/11
 14059 | Lair:3   | Reached skill level 5 in Shields
 14489 | Lair:4   | Found a staircase to the Snake Pit.
 14548 | Lair:4   | Noticed Maud
 14625 | Lair:4   | Noticed a death yak
 14626 | Lair:4   | Noticed a death yak
 15080 | Lair:5   | Noticed a death yak
 15133 | Lair:5   | Killed a death yak
 15367 | Lair:5   | Noticed a death yak
 15368 | Lair:5   | Noticed a death yak
 15372 | Lair:5   | Noticed a death yak
 15380 | Lair:5   | Killed a death yak
 15380 | Lair:5   | Reached skill level 16 in Unarmed Combat
 15385 | Lair:5   | Killed a death yak
 15399 | Lair:5   | Killed a death yak
 15718 | Lair:5   | Noticed a death yak
 15720 | Lair:5   | Noticed a death yak
 15741 | Lair:5   | Killed a death yak
 15744 | Lair:5   | Killed a death yak
 15917 | Lair:5   | Found a staircase to the Shoals.
 16044 | Lair:6   | Reached skill level 5 in Fighting
 16587 | Lair:6   | Reached XP level 13. HP: 57/102 MP: 12/12
 18119 | Lair:7   | HP: 1/108 [black mamba (9)]
 18120 | Lair:7   | Mangled by a black mamba

Vault maps used:
D:1:      noname_arrival_rooms_in_the_neighbourhood, hangedman_decor_opposing
D:2:      wad_woods_pond, grunt_temple_overflow_holy_war
D:3:      lemuel_zombie_altar_kikubaaqudgha, grunt_qazlal_clouds
D:4:      nicolae_gozag_zags_fifth_avenue, led_xom_imps, serial_bayou,
          serial_bayou_pond_e, serial_bayou_pond_e, serial_bayou_pond_b,
          serial_bayou_shore_a, gup_sewer_entry_bubbles, lightli_minifort
D:5:      zin_academy, minmay_temple_entry_overgrown, serial_shops, shop_coins,
          first_bread, hangedman_decor_peaks_small, st_stairs_6,
          elyvilon_altar_4, uniq_grinder
D:6:      nicolae_overflow_crystal_walls
D:7:      vehumet_statue, overflow_temple_1_default
D:8:      erik_lair_island, nicolae_ossuary_entry_ruins
D:9:      lemuel_blue_sif_altar, lair_0_dummy, uniq_prince_ribbit1
Temple:   nicolae_temple_great_sept
Lair:1:   lemuel_fruit_tree, grunt_megastairs_3
Lair:2:   infiniplex_staircase_pool_2
Lair:3:   enter_volcano_2
Lair:4:   minmay_snake_entry_spellcaster, pf_torpor_hydra, uniq_maud
Lair:5:   elwin_shoals_entry_stream, grunt_megastairs_1
Lair:6:   wad_woods_road_03
Lair:7:   minivault_25
Ossuary:  ossuary_boxes_badplayer

Action                   |  1- 3 |  4- 6 |  7- 9 | 10-12 | 13-15 || total
-------------------------+-------+-------+-------+-------+-------++-------
Melee: Unarmed           |   117 |   176 |   434 |   934 |   160 ||  1821
Throw: Tomahawk          |       |     2 |       |       |       ||     2
 Cast: Animate Skeleton  |       |       |     7 |    53 |    19 ||    79
       Vampiric Draining |       |       |       |     1 |     3 ||     4
Invok: Receive Corpses   |       |       |     6 |    10 |       ||    16
       Torment           |       |       |       |     1 |       ||     1
  Use: Scroll            |       |     9 |     8 |    16 |     1 ||    34
       Potion            |       |     2 |     1 |     7 |     2 ||    12
 Stab: Distracted        |       |       |       |       |     2 ||     2
       Invisible         |       |       |       |       |     1 ||     1
  Eat: Chunk             |     1 |    11 |    13 |    26 |     8 ||    59
       Meat ration       |       |       |       |     2 |       ||     2
